 Dungeon Crawl Stone Soup version 0.17.0-28-g6e173f8 (webtiles) character file.

1111 Dickchan the Basher (level 8, -4/71 HPs)
             Began as a Minotaur Berserker on Nov 23, 2015.
             Was a Priest of Trog.
             Slain by bezhaha's ghost (16 damage)
             ... on level 6 of the Dungeon.
             The game lasted 00:13:42 (6273 turns).

Dickchan the Basher (Minotaur Berserker)            Turns: 6273, Time: 00:13:42

Health: -4/71      AC:  2    Str: 23      XL:     8   Next: 11%
Magic:  7/7        EV:  8    Int:  4      God:    Trog [***...]
Gold:   551        SH:  0    Dex: 10 (11) Spells: 0 memorised, 7 levels left

rFire  . . .     SeeInvis .     a - +0 mace
rCold  . . .     Clarity  .     b - +0 animal skin
rNeg   + . .     SustAt   .     (no shield)
rPois  .         Gourm    .     (helmet restricted)
rElec  .         Spirit   .     (no cloak)
rCorr  .         Warding  .     (no gloves)
rMut   .         Stasis   .     (no boots)
MR     .....                    (no amulet)
Stlth  +.........               t - ring of positive energy
                                f - ring of wizardry

@: exhausted, slowed, drained, very slow, not resistant to hostile enchantments,
very unstealthy
A: retaliatory headbutt, horns 2
a: Berserk, Trog's Hand, Burn Spellbooks, Renounce Religion


You were on level 6 of the Dungeon.
You worshipped Trog.
Trog was most pleased with you.
You were very hungry.

You visited 1 branch of the dungeon, and saw 6 of its levels.
You also visited: Ossuary.

You collected 551 gold pieces.

Inventory:

Hand Weapons
 a - a +0 mace (weapon)
 e - a +0 antimagic spear
 y - a cursed -2 whip
Armour
 b - a +0 animal skin (worn)
 B - a +0 ring mail of fire resistance
Jewellery
 f - a ring of wizardry (left hand)
 t - a ring of positive energy (right hand)
 A - a +4 ring of dexterity {unknown}
Wands
 q - a wand of slowing (26)
 D - a wand of magic darts (27)
Scrolls
 g - a scroll of enchant armour
 h - 6 scrolls of identify
 i - a scroll of noise
 n - a scroll of remove curse
 o - a scroll of teleportation {unknown}
 p - a scroll of enchant weapon {unknown}
 s - a scroll of fear {unknown}
 u - a scroll of blinking {unknown}
 E - a scroll of amnesia {unknown}
Potions
 d - a potion of lignification {unknown}
 k - a potion of haste {unknown}
 l - a potion of resistance {unknown}
 r - 2 potions of mutation {unknown}
 v - a potion of might {unknown}
 x - 2 potions of degeneration {unknown}
 z - a potion of agility {unknown}
 C - a potion of curing {unknown}
Comestibles
 c - 3 bread rations
 j - 2 beef jerkies
 m - 2 meat rations
 w - a royal jelly
 F - 3 chunks of flesh


   Skills:
 + Level 6.6(6.2) Fighting
 * Level 8.1(7.7) Maces & Flails
 + Level 5.4(5.1) Armour
 + Level 4.9(4.6) Dodging


You had 7 spell levels left.
You didn't know any spells.

Dungeon Overview and Level Annotations

Branches:
Dungeon (6/15)
 Temple: D:4-7

Altars:
Kikubaaqudgha
Nemelex Xobeh
Sif Muna
Vehumet
Xom
Zin

Annotations:
D:6 bezhaha's ghost, novice DrMo


Innate Abilities, Weirdness & Mutations

You reflexively headbutt those who attack you in melee.
You have a pair of horns on your head.


Message History

You are feeling very hungry.
Found a stone staircase leading down.
Bezhaha's ghost says, "Let nature run its course against you!"
Bezhaha's ghost hits you! x2
Bezhaha's ghost hits you!
* * * LOW HITPOINT WARNING * * *
Bezhaha's ghost ripples.
Bezhaha's ghost closely misses you. You furiously retaliate!
You headbutt bezhaha's ghost, but do no damage.
Bezhaha's ghost breathes negative energy at you.
The bolt of negative energy misses you.
Things that are here:
a chain mail; a trident
There is a stone staircase leading up here.
Things that are here:
a robe; a dagger Bezhaha's ghost hits you!
* * * LOW HITPOINT WARNING * * *
Bezhaha's ghost hits you!
You die...

#.#.# # ####.#.#
#.##......# ..........+
.....$....# ..........#
....##.### # #[#
.#...##...
#@#####.........
#W).....##.##.#
######..####.##.#..###
......................#
......................#
...................>.(#
..........?...........#
......................#
........!.)...........##


You could see bezhaha's ghost.

Vanquished Creatures
  Grinder (D:4)
  Sigmund (D:4)
  An ice beast (D:5)
  Blork the orc (D:4)
  A crimson imp (D:5)
  A centaur zombie (Ossuary)
  An orc priest (D:6)
  A jelly (D:6)
  A quasit (D:6)
  A human zombie (Ossuary)
  2 hounds (D:4)
  An iguana (D:5)
  3 orc wizards
  3 worker ants
  A killer bee zombie (D:6)
  2 mummies (Ossuary)
  4 adders
  An adder zombie (D:6)
  2 adder skeletons (D:4)
  3 worms
  4 giant geckos
  12 orcs
  2 ball pythons
  6 bats
  3 giant cockroaches
  3 goblins
  11 hobgoblins
  2 quokkas (D:4)
  9 giant newts
  3 gnoll zombies (Ossuary)
  4 goblin zombies (Ossuary)
  3 hobgoblin zombies (Ossuary)
  A jackal zombie (D:5)
  3 kobolds
  2 orc zombies (Ossuary)
  A quokka skeleton (D:4)
  A quokka zombie (D:6)
  11 rats
113 creatures vanquished.

Notes
Turn   | Place    | Note
--------------------------------------------------------------
     0 | D:1      | Dickchan the Minotaur Berserker began the quest for the Orb.
     0 | D:1      | Reached XP level 1. HP: 19/19 MP: 0/0
   100 | D:1      | Reached skill level 4 in Maces & Flails
   104 | D:1      | Reached XP level 2. HP: 16/27 MP: 1/1
   503 | D:1      | Reached ** piety under Trog
   687 | D:2      | Reached XP level 3. HP: 30/33 MP: 2/2
   855 | D:2      | Found a deep blue altar of Sif Muna.
   857 | D:2      | Found an ancient bone altar of Kikubaaqudgha.
  1032 | D:2      | Found a shimmering altar of Xom.
  1046 | D:2      | Found a sparkling altar of Nemelex Xobeh.
  2478 | D:4      | Reached XP level 4. HP: 37/41 MP: 3/3
  2540 | D:4      | Reached skill level 5 in Maces & Flails
  2563 | D:4      | Noticed Grinder
  2570 | D:4      | Paralysed by Grinder for 6 turns
  2577 | D:4      | Killed Grinder
  2577 | D:4      | Reached skill level 5 in Fighting
  2577 | D:4      | Reached skill level 6 in Maces & Flails
  2577 | D:4      | Reached XP level 5. HP: 12/48 MP: 4/4
  2577 | D:4      | Reached XP level 6. HP: 14/56 MP: 5/5
  2829 | D:4      | Found a glowing silver altar of Zin.
  2839 | D:4      | Noticed Sigmund
  2858 | D:4      | Killed Sigmund
  2932 | D:4      | Noticed Blork the orc
  2954 | D:4      | Killed Blork the orc
  2954 | D:4      | Reached XP level 7. HP: 34/61 MP: 6/6
  3218 | D:4      | HP: 3/61 [poisoned by a worker ant]
  3224 | D:4      | HP: 2/61 [poisoned by a worker ant]
  3232 | D:4      | HP: 1/61 [poisoned by a worker ant]
  3240 | D:4      | HP: 1/61 [poisoned by a worker ant]
  3638 | D:4      | Reached *** piety under Trog
  3744 | D:4      | Reached skill level 7 in Maces & Flails
  4008 | D:5      | Entered Level 5 of the Dungeon
  4183 | D:5      | Found a sand-covered staircase.
  4203 | Ossuary  | Entered an ossuary
  4226 | Ossuary  | Reached skill level 5 in Armour
  4624 | D:5      | Found a radiant altar of Vehumet.
  5075 | D:6      | Noticed bezhaha's ghost (novice DrMo)
  5373 | D:6      | Reached XP level 8. HP: 16/71 MP: 7/7
  5863 | D:6      | Reached skill level 8 in Maces & Flails
  6273 | D:6      | Slain by bezhaha's ghost

Action                   |  1- 3 |  4- 6 |  7- 9 || total
-------------------------+-------+-------+-------++-------
Melee: Mace              |   108 |    27 |   136 ||   271
Invok: Berserk           |       |     3 |     5 ||     8
  Use: Scroll            |       |       |     3 ||     3
 Stab: Sleeping          |     1 |       |     1 ||     2
  Eat: Chunk             |     4 |       |    12 ||    16
       Meat ration       |       |     1 |       ||     1
       Pizza             |       |       |     1 ||     1
       Beef jerky        |       |       |     1 ||     1
